 Dungeon Crawl Stone Soup version 0.30.1-4-g462c640d31 (webtiles) character file.

Game seed: 16127296096907000958

104 rvierbuc the Fighter (level 4, 0/45 HPs)
             Began as a Gnoll Wanderer on Aug 21, 2023.
             Was an Initiate of Okawaru.
             Slain by an adder (4 damage)
             ... on level 4 of the Dungeon.
             The game lasted 00:14:27 (2357 turns).

rvierbuc the Fighter (Gnoll Wanderer)               Turns: 2357, Time: 00:14:28

Health: 0/45       AC:  4    Str: 12    XL:     4   Next: 80%
Magic:  14/14      EV: 14    Int: 12    God:    Okawaru [......]
Gold:   94         SH:  0    Dex: 12    Spells: 5/5 levels left

rFire   . . .        a - +1 long sword
rCold   . . .        (no shield)
rNeg    . . .        d - +0 leather armour
rPois   .            (no helmet)
rElec   .            b - +0 cloak
rCorr   .            (no gloves)
SInv    .            (no boots)
Will    .....        g - amulet of faith
Stlth   +            k - ring of magical power
HPRegen 0.27/turn    (no ring)
MPRegen 0.14/turn

%: faith
@: no status effects
A: fangs 1, strong nose, distributed training
a: Renounce Religion


You were on level 4 of the Dungeon.
You worshipped Okawaru.
Okawaru was noncommittal.
You visited 1 branch of the dungeon, and saw 4 of its levels.

You collected 94 gold pieces.

Inventory:

Hand Weapons
 a - a +1 long sword (weapon)
Missiles
 m - 6 poisoned darts (quivered)
 n - 2 boomerangs
Armour
 b - a +0 cloak (worn)
 d - a +0 leather armour (worn)
Jewellery
 g - an amulet of faith (around neck)
 k - a ring of magical power (left hand)
Scrolls
 e - a scroll of enchant armour {unknown}
 f - a scroll of poison {unknown}
 h - a scroll of silence {unknown}
 j - 2 scrolls of enchant weapon {unknown}
 l - a scroll of brand weapon {unknown}
 p - a scroll of butterflies {unknown}
 r - 2 scrolls of identify {unknown}
Potions
 c - a potion of might
 i - 4 potions of curing {unknown}
 o - a potion of mutation {unknown}
 q - a potion of attraction {unknown}
 s - a potion of degeneration {unknown}


   Skills:
 + Level 8.6 Fighting
 + Level 1.3 Short Blades
 + Level 6.6 Long Blades
 + Level 1.3 Axes
 + Level 1.3 Maces & Flails
 + Level 1.3 Polearms
 + Level 1.3 Staves
 + Level 1.3 Ranged Weapons
 + Level 1.3 Throwing
 + Level 1.3 Armour
 + Level 6.6 Dodging
 + Level 1.3 Stealth
 + Level 1.3 Shields
 + Level 1.3 Unarmed Combat
 + Level 1.3 Spellcasting
 + Level 1.0 Conjurations
 + Level 1.0 Hexes
 + Level 1.0 Summonings
 + Level 1.0 Necromancy
 + Level 1.0 Translocations
 + Level 1.0 Transmutations
 + Level 1.0 Fire Magic
 + Level 1.0 Ice Magic
 + Level 1.0 Air Magic
 + Level 1.0 Earth Magic
 + Level 1.0 Poison Magic
 + Level 1.4 Invocations
 + Level 1.3 Evocations


You had 5 spell levels left.
You didn't know any spells.
Your spell library was empty.

Dungeon Overview and Level Annotations

Branches:
Dungeon (4/15)
 Temple: D:4-7

Altars:
Cheibriados
Dithmenos
Gozag
Okawaru
Ru
Vehumet
Wu Jian
Xom

Shops:
D:3 :


Innate Abilities, Weirdness & Mutations

You have very sharp teeth.
Your uncanny sense of smell can sniff out nearby items.
Your experience applies equally to all skills.


Message History

You see here an adder skeleton.
You see here a +0 short sword.
You see here a jackal corpse.
You see here an adder corpse.
There is a stone staircase leading down here.
You climb downwards.
The adder barely misses you. The quokka bites you.
The iguana bites you but does no damage.
The adder bites you but does no damage. The quokka bites you.
There is a stone staircase leading up here.
Unknown command.
You barely miss the adder. The iguana barely misses you.
The adder bites you but does no damage.
The quokka bites you but does no damage.
You barely miss the adder. You bite the adder, but do no damage.
The adder bites you but does no damage. The iguana closely misses you.
The quokka barely misses you. The adder bites you but does no damage.
The iguana closely misses you.
You slash the adder!
The adder is severely wounded.
The quokka bites you but does no damage.
The adder barely misses you. The iguana misses you.
You closely miss the adder.
The adder is severely wounded.
The quokka barely misses you. The adder bites you but does no damage.
The quokka bites you. The iguana bites you!
You hit the adder but do no damage.
The adder is severely wounded.
The adder misses you. The quokka barely misses you.
The adder closely misses you. The iguana bites you!
* * * LOW HITPOINT WARNING * * *
You completely miss the adder.
The adder is severely wounded.
The quokka closely misses you. The adder bites you.
* * * LOW HITPOINT WARNING * * *
The iguana bites you.
* * * LOW HITPOINT WARNING * * *
You miss the adder.
The adder is severely wounded.
The adder bites you.
You die...

###
#########...#
......S@†...#
......rl....#
...........##
...........#
..........>#
..§........#
...........#
...........#


You could see an iguana, an adder and a quokka.

Vanquished Creatures
  3 adders (D:3)
  A worm (D:2)
  5 dart slugs
  An orc (D:2)
  4 endoplasms
  2 giant cockroaches
  5 goblins
  6 hobgoblins
  2 jackals (D:3)
  6 quokkas
  5 ball pythons
  6 bats
  5 frilled lizards
  5 kobolds
  4 rats
60 creatures vanquished.

Notes
Turn   | Place    | Note
-------+----------+-------------------------------------------
     0 | D:1      | rvierbuc the Gnoll Wanderer began the quest for the Orb.
     0 | D:1      | rvierbuc set off with the following items: a +1 long sword,
                  | a +0 cloak, a potion of might, a +0 leather armour.
     0 | D:1      | Reached XP level 1. HP: 26/26 MP: 1/1
   141 | D:1      | Reached XP level 2. HP: 21/33 MP: 2/2
   417 | D:1      | Reached XP level 3. HP: 33/38 MP: 3/3
   487 | D:1      | Found a faded altar of an unknown god.
   919 | D:2      | Reached skill level 1 in Invocations
  1429 | D:2      | Reached skill level 1 in Short Blades
  1429 | D:2      | Reached skill level 1 in Axes
  1429 | D:2      | Reached skill level 1 in Maces & Flails
  1429 | D:2      | Reached skill level 1 in Polearms
  1429 | D:2      | Reached skill level 1 in Staves
  1429 | D:2      | Reached skill level 1 in Ranged Weapons
  1429 | D:2      | Reached skill level 1 in Throwing
  1429 | D:2      | Reached skill level 1 in Armour
  1429 | D:2      | Reached skill level 1 in Stealth
  1429 | D:2      | Reached skill level 1 in Shields
  1429 | D:2      | Reached skill level 1 in Unarmed Combat
  1429 | D:2      | Reached skill level 1 in Spellcasting
  1429 | D:2      | Reached skill level 1 in Evocations
  1919 | D:3      | Found a sacrificial altar of Ru.
  1922 | D:3      | Found a radiant altar of Vehumet.
  1922 | D:3      | Found an iron altar of Okawaru.
  1922 | D:3      | Found an opulent altar of Gozag.
  1943 | D:3      | Became a worshipper of Warmaster Okawaru
  1955 | D:3      | Found a shimmering altar of Xom.
  1984 | D:3      | Reached XP level 4. HP: 44/45 MP: 5/5
  2038 | D:3      | Found an ornate altar of the Wu Jian Council.
  2038 | D:3      | Found a snail-covered altar of Cheibriados.
  2106 | D:3      | Found Umpuo's Vocational Training.
  2117 | D:3      | Reached skill level 1 in Conjurations
  2117 | D:3      | Reached skill level 1 in Hexes
  2117 | D:3      | Reached skill level 1 in Summonings
  2117 | D:3      | Reached skill level 1 in Necromancy
  2117 | D:3      | Reached skill level 1 in Translocations
  2117 | D:3      | Reached skill level 1 in Transmutations
  2117 | D:3      | Reached skill level 1 in Fire Magic
  2117 | D:3      | Reached skill level 1 in Ice Magic
  2117 | D:3      | Reached skill level 1 in Air Magic
  2117 | D:3      | Reached skill level 1 in Earth Magic
  2117 | D:3      | Reached skill level 1 in Poison Magic
  2324 | D:4      | Found a shadowy altar of Dithmenos.
  2357 | D:4      | Slain by an adder

Illustrated notes

Levels and vault maps discovered:
D:1:      dpeg_chamrin_arrival_tetris, layout_loops_ring,
          hellmonk_ecumenical_altar_zigzags
D:2:      layout_loops_ring, nicolae_figureground_pulse
D:3:      layout_rooms, grunt_temple_overflow_open,
          nicolae_overflow_crystal_walls, gammafunk_temple_overflow_elements,
          nicolae_shop_vocational
D:4:      layout_basic, grunt_dithmenos_smoke, eino_tiny_chamber

Skill      XL: |  1  2  3  4 |
---------------+-------------+-----
Invocations    | 1 |  1.4
Short Blades   | 1 |  1.3
Axes           | 1 |  1.3
Maces & Flails | 1 |  1.3
Polearms       | 1 |  1.3
Staves         | 1 |  1.3
Ranged Weapons | 1 |  1.3
Throwing       | 1 |  1.3
Armour         | 1 |  1.3
Stealth        | 1 |  1.3
Shields        | 1 |  1.3
Unarmed Combat | 1 |  1.3
Spellcasting   | 1 |  1.3
Evocations     | 1 |  1.3
Conjurations   | 1 |  1.0
Hexes          | 1 |  1.0
Summonings     | 1 |  1.0
Necromancy     | 1 |  1.0
Translocations | 1 |  1.0
Transmutations | 1 |  1.0
Fire Magic     | 1 |  1.0
Ice Magic      | 1 |  1.0
Air Magic      | 1 |  1.0
Earth Magic    | 1 |  1.0
Poison Magic   | 1 |  1.0
Fighting       | |  8.6
Long Blades    | |  6.6
Dodging        | |  6.6

Action                     |  1- 3 |  4- 6 || total
---------------------------+-------+-------++-------
  Melee: Long sword        |   114 |    43 ||   157
         Bite              |     6 |     3 ||     9
         Punch             |     1 |     1 ||     2
   Stab: Sleeping          |     2 |       ||     2
 Armour: Leather armour    |    28 |    28 ||    56
  Dodge: Dodged            |    71 |    62 ||   133
